 Dungeon Crawl Stone Soup version 0.17.1-3-g152610e (webtiles) character file.

59 Zhenya25pyc the Shield-Bearer (level 4, -1/28 HPs)
             Began as a Gargoyle Fighter on Mar 31, 2016.
             Slain by tyranidshit's ghost (2 damage)
             ... on level 3 of the Dungeon.
             The game lasted 00:11:21 (1565 turns).

Zhenya25pyc the Shield-Bearer (Gargoyle Fighter)    Turns: 1565, Time: 00:11:21

Health: -1/28      AC: 12    Str: 25    XL:     4   Next: 3%
Magic:  4/4        EV: 11    Int:  9    God:
Gold:   114        SH: 10    Dex: 14    Spells: 0 memorised, 3 levels left

rFire  . . .     SeeInvis .     a - +0 flail
rCold  . . .     Clarity  .     s - +0 chain mail
rNeg   + . .     SustAt   .     c - +0 shield
rPois  ∞         Gourm    .     (no helmet)
rElec  +         Spirit   .     (no cloak)
rCorr  .         Warding  .     (no gloves)
rMut   .         Stasis   .     (no boots)
MR     .....                    (no amulet)
Stlth  ..........               (no ring)
                                (no ring)

@: mighty, agile, not resistant to hostile enchantments, extremely unstealthy
A: negative energy resistance 1, electricity resistance, unbreathing,
petrification resistance, rot immunity, AC +3
a: no special abilities


You were on level 3 of the Dungeon.
You were not hungry.

You visited 1 branch of the dungeon, and saw 3 of its levels.

You collected 114 gold pieces.

Inventory:

Hand Weapons
 a - a +0 flail (weapon)
 p - a +0 club
 t - a +0 bardiche
Missiles
 b - 3 javelins (quivered)
 q - 8 exploding tomahawks
Armour
 c - a +0 shield (worn)
 j - a +0 robe
 l - a +0 scale mail
 s - a +0 chain mail (worn)
Wands
 m - a wand of random effects (23)
Scrolls
 f - 4 scrolls of identify {unknown}
 h - a scroll of remove curse {unknown}
 i - 2 scrolls of magic mapping {unknown}
 k - a scroll of blinking {unknown}
 n - a scroll of random uselessness {unknown}
 r - a scroll of enchant armour {unknown}
 u - a scroll of teleportation {unknown}
 v - a scroll of fog {unknown}
 w - 2 scrolls of amnesia {unknown}
Potions
 o - a potion of lignification {unknown}
Comestibles
 x - 3 inedible chunks of flesh
 z - 4 chunks of flesh


   Skills:
 + Level 3.5 Fighting
 + Level 2.4 Maces & Flails
 + Level 3.7 Armour
 + Level 1.1 Dodging
 + Level 0.2 Stealth
 + Level 3.9 Shields


You had 3 spell levels left.
You didn't know any spells.

Dungeon Overview and Level Annotations

Branches:
Dungeon (3/15)

Altars:

Annotations:
D:3 tyranidshit's ghost, amateur MiBe


Innate Abilities, Weirdness & Mutations

You are resistant to torment.
Your stone body is resilient (AC +3).
You are immune to poison.
You resist negative energy.
You are resistant to electric shocks.
You can survive without breathing.
You are immune to petrification.
You are immune to rotting.


Message History

Tyranidshit's ghost is severely damaged.
Tyranidshit's ghost hits you but does no damage.
You hit tyranidshit's ghost but do no damage.
Tyranidshit's ghost is severely damaged.
Tyranidshit's ghost hits you but does no damage.
Tyranidshit's ghost barely misses you.
You barely miss tyranidshit's ghost.
Tyranidshit's ghost is severely damaged.
Tyranidshit's ghost hits you.
* * * LOW HITPOINT WARNING * * *
x2 Your shield and chain mail prevent you from hitting tyranidshit's ghost.
Tyranidshit's ghost is severely damaged.
You block tyranidshit's ghost's attack.
You hit tyranidshit's ghost.
Tyranidshit's ghost is severely damaged.
Tyranidshit's ghost closely misses you. You block tyranidshit's ghost's attack.
You hit tyranidshit's ghost but do no damage.
Tyranidshit's ghost is severely damaged.
Tyranidshit's ghost hits you.
You die...

.....#
#....##
#.....#
.....#
.....##
#.....#
#...#
#@W.#
#.###
#.###.#
#...<.#
#......##
###....#
........
....#####
.###


You could see tyranidshit's ghost.

Vanquished Creatures
  An adder (D:2)
  An ooze (D:2)
  2 ball pythons
  7 bats
  9 hobgoblins
  3 jackals (D:1)
  4 giant newts (D:2)
  8 goblins
  3 kobolds
  3 rats
41 creatures vanquished.

Notes
Turn   | Place    | Note
--------------------------------------------------------------
     0 | D:1      | Zhenya25pyc the Gargoyle Fighter began the quest for the Orb.
     0 | D:1      | Reached XP level 1. HP: 14/14 MP: 1/1
    53 | D:1      | Reached XP level 2. HP: 5/19 MP: 2/2
   835 | D:1      | Reached XP level 3. HP: 20/23 MP: 3/3
  1223 | D:2      | Reached skill level 1 in Dodging
  1495 | D:2      | Reached XP level 4. HP: 23/28 MP: 4/4
  1530 | D:3      | Noticed tyranidshit's ghost (amateur MiBe)
  1562 | D:3      | HP: 1/28 [tyranidshit's ghost (1)]
  1565 | D:3      | Slain by tyranidshit's ghost

Action                   |  1- 3 |  4- 6 || total
-------------------------+-------+-------++-------
Melee: Flail             |   154 |    28 ||   182
  Use: Potion            |       |     3 ||     3
  Eat: Chunk             |     2 |       ||     2
       Bread ration      |     1 |       ||     1
